Coyotes vs Blues
(R1)
Created - 26 mai 2013 at 00:10
Goals
|
| Coyotes |
0 |
2 |
1 |
3 |
| Blues |
2 |
1 |
2 |
5 |
|
Shots
|
| Coyotes |
7 |
10 |
19 |
36 |
| Blues |
9 |
9 |
8 |
26 |
|
1st period
1. Blues , Bryce Lampman 2 (Travis Zajac, Paul Kariya) at 5:18
2. Blues , Maxim Afinogenov 1 (Nik Antropov, Drew Fata) at 11:11
Penalties :
Frans Nielsen (Pho) for Hooking (Minor) at 16:17, Darcy Hordichuk (STL) for Holding Stick (Minor) at 18:43
2nd period
3. Blues , Maxim Afinogenov 2 (Nik Antropov, Darcy Hordichuk) at 1:53
4. Coyotes , Lukas Krajicek 1 (Chad Larose, Maxim Lapierre) at 8:59
5. Coyotes , Riley Cote 1 (Craig Adams, Todd Marchant) at 15:37
Penalties :
Brent Burns (STL) for Tripping (Minor) at 4:57, Darcy Hordichuk (STL) for Tripping (Minor) at 9:28, Brent Burns (STL) for Holding (Minor) at 13:19, Tom Poti (Pho) for High sticking (Minor) at 17:46
3rd period
6. Coyotes , Marian Gaborik 3 (Denis Grebeshkov, Brenden Morrow) at 2:00 (PP)
7. Blues , Ryan Malone 1 (Dan Boyle, Travis Zajac) at 8:04 (PP)
8. Blues , Jamie Langenbrunner 1 (Dan Boyle, Travis Zajac) at 10:31
Penalties :
Matthew Lombardi (STL) for Holding (Minor) at 0:57, Tim Connolly (Pho) for Hooking (Minor) at 3:16, Frans Nielsen (Pho) for Holding Stick (Minor) at 7:28, Brent Burns (STL) for Holding (Minor) at 13:37, Ville Peltonen (STL) for Holding Stick (Minor) at 18:27, Lukas Krajicek (Pho) for Hooking (Minor) at 18:27
Goalie Stats
Ryan Miller (Pho), 21 saves from 26 shots - (0,808), L, 1-2-0, 60:00 minutes
Tim Thomas (STL), 33 saves from 36 shots - (0,917), W, 2-1-0, 60:00 minutes
Players Stats for Coyotes
Player Name G A P +/- PIM S H SB GA TA FO MP PP MP PK MP
------------------------------------------------------------------------------------
Bill Guerin 0 0 0 0 0 3 3 0 0 1 0/0 17:57 4:31 2:04
Brenden Morrow 0 1 1 -1 0 2 0 0 1 1 1/2 24:23 6:22 3:34
Chad Larose 0 1 1 1 0 2 0 0 0 0 0/0 9:36 0:11 0:00
Craig Adams 0 1 1 -2 0 1 0 0 1 1 0/1 9:19 0:02 1:21
Denis Grebeshkov 0 1 1 0 0 3 2 1 0 1 0/0 19:55 4:10 2:47
Drew Miller 0 0 0 1 0 2 1 1 0 1 0/1 10:29 0:14 0:46
Frans Nielsen 0 0 0 0 4 2 2 0 1 1 6/15 15:25 4:31 0:23
Jiri Fischer 0 0 0 0 0 0 0 0 0 0 0/0 11:54 0:00 1:19
Kurt Sauer 0 0 0 -2 0 2 1 5 1 0 0/0 29:30 6:48 3:46
Lukas Krajicek 1 0 1 0 2 1 0 1 0 0 0/0 10:34 0:00 0:00
Marian Gaborik 1 0 1 -1 0 3 3 0 4 0 6/9 24:23 6:16 3:38
Maxim Lapierre 0 1 1 1 0 1 1 0 0 0 4/8 8:46 0:00 0:00
Mike Mottau 0 0 0 0 0 1 1 3 0 0 0/0 19:55 4:10 2:47
Riley Cote 1 0 1 -2 0 3 1 1 0 0 0/0 7:12 0:00 0:00
Sergei Samsonov 0 0 0 0 0 4 0 0 0 0 1/1 14:52 4:31 0:00
Tim Connolly 0 0 0 -1 2 3 1 1 0 1 13/26 22:17 6:16 1:20
Todd Marchant 0 1 1 -2 0 0 2 0 0 0 2/7 7:12 0:00 0:00
Tom Poti 0 0 0 -2 2 3 2 1 3 1 0/0 28:11 6:48 2:27
Players Stats for Blues
Player Name G A P +/- PIM S H SB GA TA FO MP PP MP PK MP
------------------------------------------------------------------------------------
Blake Wheeler 0 0 0 -1 0 1 1 1 0 0 0/0 9:31 0:27 0:00
Brent Burns 0 0 0 0 6 0 1 2 0 3 0/0 25:10 4:24 3:23
Bryce Lampman 1 0 1 3 0 1 2 1 0 1 0/0 23:04 2:09 4:19
Dan Boyle 0 2 2 2 0 2 4 3 1 3 0/0 26:40 3:46 2:39
Darcy Hordichuk 0 1 1 2 4 2 2 0 0 0 0/0 16:35 0:00 3:42
Drew Fata 0 1 1 -1 0 0 0 1 0 0 0/0 13:42 0:00 4:53
Éric Belanger 0 0 0 -1 0 0 1 0 0 0 3/5 7:45 0:27 0:57
François Beauchemin 0 0 0 -1 0 1 0 0 0 1 0/0 10:39 2:09 0:00
Jamie Langenbrunner 1 0 1 2 0 5 1 2 0 0 1/3 19:30 2:59 2:51
Matthew Lombardi 0 0 0 -1 2 2 0 0 0 0 4/9 8:27 0:00 0:00
Maxim Afinogenov 2 0 2 2 0 3 3 1 1 0 0/0 16:55 3:07 0:00
Mike Komisarek 0 0 0 1 0 1 3 2 1 1 0/0 21:28 0:38 6:42
Nik Antropov 0 2 2 2 0 3 2 1 0 0 9/17 20:10 3:07 2:51
Paul Kariya 0 1 1 2 0 1 3 1 0 1 4/10 23:14 3:25 6:11
Ryan Malone 1 0 1 -1 0 2 2 0 3 1 0/0 14:13 2:59 2:28
Travis Zajac 0 3 3 2 0 2 0 0 2 0 16/26 15:27 2:59 0:00
Vaclav Varada 0 0 0 -1 0 0 0 0 0 0 0/0 9:11 0:09 2:56
Ville Peltonen 0 0 0 -1 2 0 0 0 0 0 0/0 5:42 0:00 0:00
3 Stars
1 - Maxim Afinogenov (STL)
2 - Dan Boyle (STL)
3 - Bryce Lampman (STL)
Power Play
Coyotes - 1 on 6 Attempt(s) - 16,67%
Blues - 1 on 4 Attempt(s) - 25,00%
Penalty Kill
Coyotes - 3 on 4 Attempt(s) - 75,00%
- Score 0 goal in Penalty Kill
Blues - 5 on 6 Attempt(s) - 83,33%
- Score 0 goal in Penalty Kill
Official
Referees : Joannette Marc and Devorski Paul
Linesman : Thor Nelson and Jean Morin
Game Notes
No Game Note
Finance
Level 1 -- Attendance: 4742 (79,03%) -- Ticket Income 459 974 $
Level 2 -- Attendance: 4598 (91,96%) -- Ticket Income 262 086 $
Level 3 -- Attendance: 1707 (85,35%) -- Ticket Income 56 331 $
Level 4 -- Attendance: 3616 (90,40%) -- Ticket Income 79 552 $
Luxury Box -- Attendance: 849 (84,90%) -- Ticket Income 169 800 $
Game was played at the Scotttrade center
Total Attendance: 15512 (86,18%)
Total Ticket Income: 1 027 743 $
Other Income: 51 387 $
Total Income: 1 079 130 $
Coyotes
5 vs 5 Forward
Center Left Wing Right Wing Time % Phy DF OF
1 Tim Connolly Brenden Morrow Marian Gaborik 40 1 2 2
2 Frans Nielsen Sergei Samsonov Bill Guerin 30 1 2 2
3 Maxim Lapierre Drew Miller Chad Larose 20 1 2 2
4 Todd Marchant Riley Cote Craig Adams 10 1 2 2
5 vs 5 Defense
Defense Defense Time % Phy DF OF
1 Tom Poti Kurt Sauer 40 1 2 2
2 Denis Grebeshkov Mike Mottau 30 1 2 2
3 Lukas Krajicek Jiri Fischer 20 1 2 2
4 Tom Poti Kurt Sauer 10 1 2 2
PowerPlay Forward
Center Left Wing Right Wing Time % Phy DF OF
1 Tim Connolly Brenden Morrow Marian Gaborik 60 1 2 2
2 Frans Nielsen Sergei Samsonov Bill Guerin 40 1 2 2
PowerPlay Defense
Defense Defense Time % Phy DF OF
1 Tom Poti Kurt Sauer 60 1 2 2
2 Denis Grebeshkov Mike Mottau 40 1 2 2
Penalty Kill 4 Players Forward
Center Wing Time % Phy DF OF
1 Marian Gaborik Brenden Morrow 60 1 2 2
2 Tim Connolly Bill Guerin 40 1 2 2
Penalty Kill 4 Players Defense
Defense Defense Time % Phy DF OF
1 Tom Poti Kurt Sauer 60 1 2 2
2 Denis Grebeshkov Mike Mottau 40 1 2 2
Penalty Kill - 3 Players Forward
Forward Time % Phy DF OF
1 Marian Gaborik 60 1 2 2
2 Brenden Morrow 40 1 2 2
Penalty Kill - 3 Players Defense
Defense Defense Time % Phy DF OF
1 Tom Poti Kurt Sauer 60 1 2 2
2 Denis Grebeshkov Mike Mottau 40 1 2 2
4 vs 4 Forward
Center Wing Time % Phy DF OF
1 Marian Gaborik Brenden Morrow 60 1 2 2
2 Tim Connolly Bill Guerin 40 1 2 2
4 vs 4 Defense
Defense Defense Time % Phy DF OF
1 Tom Poti Kurt Sauer 60 1 2 2
2 Denis Grebeshkov Mike Mottau 40 1 2 2
Last Minutes Offensive
Center Left Wing Right Wing Defense Defense
Tim Connolly Brenden Morrow Marian Gaborik Tom Poti Kurt Sauer
Last Minutes Defensive
Center Left Wing Right Wing Defense Defense
Tim Connolly Brenden Morrow Marian Gaborik Tom Poti Kurt Sauer
Goaltenders
Starting : Ryan Miller
Backup : Peter Budaj
Extra Forwards
Normal : Drew Miller, Chad Larose, Craig Adams - PP : Drew Miller, Chad Larose - PK : Craig Adams
Extra Defensemen
Normal : Lukas Krajicek, Jiri Fischer, Denis Grebeshkov - PP : Lukas Krajicek - PK : Jiri Fischer, Denis Grebeshkov
Penalty Shots
Marian Gaborik, Brenden Morrow, Tim Connolly, Bill Guerin, Sergei Samsonov
Blues
5 vs 5 Forward
Center Left Wing Right Wing Time % Phy DF OF
1 Travis Zajac Paul Kariya Jamie Langenbrunner 40 1 2 2
2 Nik Antropov Darcy Hordichuk Maxim Afinogenov 30 1 2 2
3 Matthew Lombardi Ryan Malone Blake Wheeler 20 1 2 2
4 Éric Belanger Ville Peltonen Vaclav Varada 10 1 2 2
5 vs 5 Defense
Defense Defense Time % Phy DF OF
1 Dan Boyle Bryce Lampman 40 1 2 2
2 Mike Komisarek Brent Burns 30 1 2 2
3 François Beauchemin Drew Fata 20 1 2 2
4 Brent Burns Dan Boyle 10 1 2 2
PowerPlay Forward
Center Left Wing Right Wing Time % Phy DF OF
1 Nik Antropov Paul Kariya Maxim Afinogenov 60 1 2 2
2 Travis Zajac Ryan Malone Jamie Langenbrunner 40 1 2 2
PowerPlay Defense
Defense Defense Time % Phy DF OF
1 Dan Boyle Brent Burns 60 1 2 2
2 François Beauchemin Bryce Lampman 40 1 2 2
Penalty Kill 4 Players Forward
Center Wing Time % Phy DF OF
1 Paul Kariya Darcy Hordichuk 60 1 2 2
2 Nik Antropov Jamie Langenbrunner 40 1 2 2
Penalty Kill 4 Players Defense
Defense Defense Time % Phy DF OF
1 Brent Burns Mike Komisarek 60 1 2 2
2 Bryce Lampman Drew Fata 40 1 2 2
Penalty Kill - 3 Players Forward
Forward Time % Phy DF OF
1 Paul Kariya 60 1 2 2
2 Éric Belanger 40 1 2 2
Penalty Kill - 3 Players Defense
Defense Defense Time % Phy DF OF
1 Drew Fata Mike Komisarek 60 1 2 2
2 Dan Boyle Bryce Lampman 40 1 2 2
4 vs 4 Forward
Center Wing Time % Phy DF OF
1 Paul Kariya Maxim Afinogenov 60 1 2 2
2 Nik Antropov Jamie Langenbrunner 40 1 2 2
4 vs 4 Defense
Defense Defense Time % Phy DF OF
1 Dan Boyle Mike Komisarek 60 1 2 2
2 Brent Burns Bryce Lampman 40 1 2 2
Last Minutes Offensive
Center Left Wing Right Wing Defense Defense
Travis Zajac Paul Kariya Maxim Afinogenov Dan Boyle Brent Burns
Last Minutes Defensive
Center Left Wing Right Wing Defense Defense
Nik Antropov Paul Kariya Maxim Afinogenov Bryce Lampman Mike Komisarek
Goaltenders
Starting : Tim Thomas
Backup : Tuukka Rask
Extra Forwards
Normal : Éric Belanger, Blake Wheeler, Vaclav Varada - PP : Éric Belanger, Blake Wheeler - PK : Vaclav Varada
Extra Defensemen
Normal : François Beauchemin, Drew Fata, Dan Boyle - PP : Mike Komisarek - PK : Drew Fata, Dan Boyle
Penalty Shots
Paul Kariya, Maxim Afinogenov, Nik Antropov, Jamie Langenbrunner, Travis Zajac
% Time on Ice - Coyotes
Lines # - Real PCT - Wanted PCT - Time Play
Normal Forward
1 - 34% - 40% - 13:59
2 - 27% - 30% - 11:00
3 - 21% - 20% - 8:46
4 - 18% - 10% - 7:12
Normal Defense
1 - 39% - 40% - 16:09
2 - 30% - 30% - 12:24
3 - 26% - 20% - 10:35
4 - 4% - 10% - 1:49
PP Forward
1 - 59% - 60% - 6:27
2 - 41% - 40% - 4:31
PP Defense
1 - 62% - 60% - 6:48
2 - 38% - 40% - 4:10
PK Forward
1 - 68% - 60% - 4:29
2 - 32% - 40% - 2:04
PK Defense
1 - 58% - 60% - 3:46
2 - 42% - 40% - 2:47
PK3 Forward
1 - 0% - 60%
2 - 0% - 40%
PK3 Defense
1 - 0% - 60%
2 - 0% - 40%
44 Forward
1 - 76% - 60% - 1:10
2 - 24% - 40% - 0:22
44 Defense
1 - 63% - 60% - 0:58
2 - 37% - 40% - 0:34
Last Minute Offensive - 0:00
Last Minute Defensive - 0:00
Total
Forward - 60:00
Defense - 60:00
|
% Time on Ice - Blues
Lines # - Real PCT - Wanted PCT - Time Play
Normal Forward
1 - 32% - 40% - 13:15
2 - 33% - 30% - 13:31
3 - 21% - 20% - 8:28
4 - 14% - 10% - 5:43
Normal Defense
1 - 42% - 40% - 17:02
2 - 31% - 30% - 12:50
3 - 21% - 20% - 8:29
4 - 6% - 10% - 2:36
PP Forward
1 - 54% - 60% - 3:34
2 - 46% - 40% - 2:59
PP Defense
1 - 67% - 60% - 4:24
2 - 33% - 40% - 2:09
PK Forward
1 - 74% - 60% - 8:07
2 - 26% - 40% - 2:51
PK Defense
1 - 74% - 60% - 8:05
2 - 26% - 40% - 2:53
PK3 Forward
1 - 0% - 60%
2 - 0% - 40%
PK3 Defense
1 - 0% - 60%
2 - 0% - 40%
44 Forward
1 - 79% - 60% - 1:13
2 - 21% - 40% - 0:19
44 Defense
1 - 63% - 60% - 0:58
2 - 37% - 40% - 0:34
Last Minute Offensive - 0:00
Last Minute Defensive - 0:00
Total
Forward - 60:00
Defense - 60:00
|
Play by Play
1st period
0:01 of 1st period - Travis Zajac wins face-off versus Tim Connolly in neutral zone.
0:12 of 1st period - Bryce Lampman is hit by Marian Gaborik and loses puck.
0:27 of 1st period - Kurt Sauer is hit by Dan Boyle and loses puck.
0:48 of 1st period - Slapshot by Tom Poti.
0:48 of 1st period - Stopped by Tim Thomas without a rebound.
0:49 of 1st period - Matthew Lombardi wins face-off versus Todd Marchant in Blues zone.
1:42 of 1st period - Wrist shot by Bill Guerin.
1:42 of 1st period - Shot Misses the Net.
1:48 of 1st period - Snap shot by Bill Guerin.
1:48 of 1st period - Stopped by Tim Thomas without a rebound.
1:49 of 1st period - Maxim Lapierre wins face-off versus Nik Antropov in Blues zone.
1:58 of 1st period - Snap shot by Maxim Afinogenov.
1:58 of 1st period - Shot Misses the Net.
2:25 of 1st period - Snap shot by Paul Kariya.
2:25 of 1st period - Stopped by Ryan Miller with a rebound.
3:31 of 1st period - Snap shot by Riley Cote.
3:31 of 1st period - Stopped by Tim Thomas without a rebound.
3:32 of 1st period - Nik Antropov wins face-off versus Tim Connolly in Blues zone.
3:57 of 1st period - Paul Kariya is hit by Bill Guerin and loses puck.
4:36 of 1st period - Éric Belanger is hit by Mike Mottau and loses puck.
4:43 of 1st period - Snap shot by Marian Gaborik.
4:43 of 1st period - Shot Misses the Net.
4:49 of 1st period - Brenden Morrow is hit by Éric Belanger and loses puck.
5:04 of 1st period - Wrist shot by Maxim Afinogenov.
5:04 of 1st period - Stopped by Ryan Miller without a rebound.
5:05 of 1st period - Travis Zajac wins face-off versus Craig Adams in Coyotes zone.
5:16 of 1st period - Snap shot by Travis Zajac.
5:16 of 1st period - Shot Blocked by Tom Poti.
5:18 of 1st period - Snap shot by Bryce Lampman.
5:18 of 1st period - Goal by Bryce Lampman - Coyotes : 0 - Blues : 1.
5:19 of 1st period - Nik Antropov wins face-off versus Frans Nielsen in neutral zone.
5:34 of 1st period - Snap shot by Sergei Samsonov.
5:34 of 1st period - Stopped by Tim Thomas without a rebound.
5:35 of 1st period - Tim Connolly wins face-off versus Jamie Langenbrunner in Blues zone.
5:42 of 1st period - Snap shot by Travis Zajac.
5:42 of 1st period - Shot Misses the Net.
5:44 of 1st period - Snap shot by Jamie Langenbrunner.
5:44 of 1st period - Shot Blocked by Kurt Sauer.
6:15 of 1st period - Darcy Hordichuk is hit by Kurt Sauer and loses puck.
6:54 of 1st period - Wrist shot by Travis Zajac.
6:54 of 1st period - Stopped by Ryan Miller with a rebound.
6:56 of 1st period - Wrist shot by Jamie Langenbrunner.
6:56 of 1st period - Stopped by Ryan Miller without a rebound.
6:57 of 1st period - Travis Zajac wins face-off versus Frans Nielsen in Coyotes zone.
7:38 of 1st period - Wrist shot by Matthew Lombardi.
7:38 of 1st period - Stopped by Ryan Miller without a rebound.
7:39 of 1st period - Maxim Lapierre wins face-off versus Nik Antropov in Coyotes zone.
7:46 of 1st period - Maxim Lapierre is hit by Mike Komisarek and loses puck.
8:31 of 1st period - Slapshot by Sergei Samsonov.
8:31 of 1st period - Stopped by Tim Thomas with a rebound.
8:51 of 1st period - Snap shot by Riley Cote.
8:51 of 1st period - Stopped by Tim Thomas without a rebound.
8:52 of 1st period - Travis Zajac wins face-off versus Todd Marchant in Blues zone.
8:56 of 1st period - Off-side.
8:57 of 1st period - Travis Zajac wins face-off versus Tim Connolly in neutral zone.
9:30 of 1st period - Slapshot by Sergei Samsonov.
9:30 of 1st period - Shot Blocked by Jamie Langenbrunner.
9:49 of 1st period - Icing by Dan Boyle.
9:50 of 1st period - Travis Zajac wins face-off versus Todd Marchant in Blues zone.
10:17 of 1st period - Slapshot by Nik Antropov.
10:17 of 1st period - Stopped by Ryan Miller without a rebound.
10:18 of 1st period - Nik Antropov wins face-off versus Tim Connolly in Coyotes zone.
10:57 of 1st period - Snap shot by Darcy Hordichuk.
10:57 of 1st period - Shot Blocked by Tim Connolly.
11:11 of 1st period - Wrist shot by Maxim Afinogenov.
11:11 of 1st period - Goal by Maxim Afinogenov - Coyotes : 0 - Blues : 2.
11:12 of 1st period - Matthew Lombardi wins face-off versus Maxim Lapierre in neutral zone.
11:17 of 1st period - Wrist shot by Dan Boyle.
11:17 of 1st period - Deflect By Blake Wheeler.
11:17 of 1st period - Shot Misses the Net.
11:17 of 1st period - Puck is out of play.
11:18 of 1st period - Maxim Lapierre wins face-off versus Matthew Lombardi in Coyotes zone.
11:18 of 1st period - Maxim Lapierre is hit by Dan Boyle.
11:26 of 1st period - Slapshot by Ryan Malone.
11:26 of 1st period - Shot Blocked by Lukas Krajicek.
12:14 of 1st period - Wrist shot by Maxim Lapierre.
12:14 of 1st period - Shot Blocked by Brent Burns.
12:16 of 1st period - Slapshot by Jiri Fischer.
12:16 of 1st period - Shot Misses the Net.
12:46 of 1st period - Snap shot by Chad Larose.
12:46 of 1st period - Stopped by Tim Thomas without a rebound.
12:47 of 1st period - Travis Zajac wins face-off versus Frans Nielsen in Blues zone.
12:57 of 1st period - Off-side.
12:58 of 1st period - Travis Zajac wins face-off versus Frans Nielsen in neutral zone.
13:01 of 1st period - Tom Poti is hit by Paul Kariya and loses puck.
14:47 of 1st period - Off-side.
14:48 of 1st period - Éric Belanger wins face-off versus Todd Marchant in neutral zone.
16:02 of 1st period - Snap shot by Matthew Lombardi.
16:02 of 1st period - Stopped by Ryan Miller without a rebound.
16:03 of 1st period - Nik Antropov wins face-off versus Tim Connolly in Coyotes zone.
16:16 of 1st period - Slapshot by Maxim Afinogenov.
16:16 of 1st period - Deflect By Nik Antropov.
16:16 of 1st period - Shot Blocked by Kurt Sauer.
16:16 of 1st period - Puck is out of play.
16:17 of 1st period - Travis Zajac wins face-off versus Frans Nielsen in Coyotes zone.
16:17 of 1st period - Minor Penalty to Frans Nielsen for Hooking.
16:18 of 1st period - Nik Antropov wins face-off versus Marian Gaborik in Coyotes zone.
17:34 of 1st period - Brent Burns is hit by Drew Miller and loses puck.
17:54 of 1st period - Tim Connolly is hit by Brent Burns and loses puck.
18:11 of 1st period - Tim Connolly is hit by Blake Wheeler and loses puck.
18:17 of 1st period - Penalty to Frans Nielsen is over, Frans Nielsen is back on ice.
18:22 of 1st period - Snap shot by Drew Fata.
18:22 of 1st period - Shot Blocked by Mike Mottau.
18:24 of 1st period - Slapshot by François Beauchemin.
18:24 of 1st period - Shot Misses the Net.
18:43 of 1st period - Minor Penalty to Darcy Hordichuk for Holding Stick.
18:44 of 1st period - Tim Connolly wins face-off versus Paul Kariya in Blues zone.
19:19 of 1st period - Snap shot by Sergei Samsonov.
19:19 of 1st period - Shot Misses the Net.
19:37 of 1st period - Mike Komisarek is hit by Tom Poti and loses puck.
2nd period
0:01 of 2nd period - Paul Kariya wins face-off versus Brenden Morrow in neutral zone.
0:32 of 2nd period - Wrist shot by Frans Nielsen.
0:32 of 2nd period - Shot Misses the Net.
0:34 of 2nd period - Slapshot by Tom Poti.
0:34 of 2nd period - Stopped by Tim Thomas with a rebound.
0:43 of 2nd period - Penalty to Darcy Hordichuk is over, Darcy Hordichuk is back on ice.
0:50 of 2nd period - Dan Boyle is hit by Tim Connolly and loses puck.
1:05 of 2nd period - Wrist shot by Éric Belanger.
1:05 of 2nd period - Shot Blocked by Denis Grebeshkov.
1:13 of 2nd period - Vaclav Varada is hit by Maxim Lapierre and loses puck.
1:44 of 2nd period - Todd Marchant is hit by Dan Boyle and loses puck.
1:51 of 2nd period - Snap shot by Nik Antropov.
1:51 of 2nd period - Stopped by Ryan Miller with a rebound.
1:53 of 2nd period - Snap shot by Maxim Afinogenov.
1:53 of 2nd period - Goal by Maxim Afinogenov - Coyotes : 0 - Blues : 3.
1:54 of 2nd period - Tim Connolly wins face-off versus Travis Zajac in neutral zone.
2:10 of 2nd period - Snap shot by Brenden Morrow.
2:10 of 2nd period - Shot Blocked by Brent Burns.
2:27 of 2nd period - Wrist shot by Jamie Langenbrunner.
2:27 of 2nd period - Stopped by Ryan Miller with a rebound.
2:31 of 2nd period - Slapshot by Jamie Langenbrunner.
2:31 of 2nd period - Stopped by Ryan Miller with a rebound.
2:45 of 2nd period - Frans Nielsen is hit by Maxim Afinogenov and loses puck.
3:08 of 2nd period - Denis Grebeshkov is hit by Bryce Lampman and loses puck.
3:53 of 2nd period - Maxim Lapierre is hit by Maxim Afinogenov and loses puck.
4:08 of 2nd period - Slapshot by Dan Boyle.
4:08 of 2nd period - Shot Misses the Net.
4:16 of 2nd period - Wrist shot by Frans Nielsen.
4:16 of 2nd period - Stopped by Tim Thomas with a rebound.
4:18 of 2nd period - Snap shot by Sergei Samsonov.
4:18 of 2nd period - Stopped by Tim Thomas with a rebound.
4:57 of 2nd period - Minor Penalty to Brent Burns for Tripping.
4:58 of 2nd period - Paul Kariya wins face-off versus Tim Connolly in Blues zone.
5:33 of 2nd period - Slapshot by Tom Poti.
5:33 of 2nd period - Shot Blocked by Nik Antropov.
6:57 of 2nd period - Penalty to Brent Burns is over, Brent Burns is back on ice.
7:21 of 2nd period - Dan Boyle is hit by Todd Marchant and loses puck.
7:56 of 2nd period - Chad Larose is hit by Ryan Malone and loses puck.
8:25 of 2nd period - Icing by Ville Peltonen.
8:26 of 2nd period - Tim Connolly wins face-off versus Éric Belanger in Blues zone.
8:31 of 2nd period - Wrist shot by Bill Guerin.
8:31 of 2nd period - Shot Blocked by Drew Fata.
8:55 of 2nd period - Snap shot by Maxim Lapierre.
8:55 of 2nd period - Stopped by Tim Thomas with a rebound.
8:57 of 2nd period - Wrist shot by Chad Larose.
8:57 of 2nd period - Shot Misses the Net.
8:59 of 2nd period - Slapshot by Lukas Krajicek.
8:59 of 2nd period - Goal by Lukas Krajicek - Coyotes : 1 - Blues : 3.
9:00 of 2nd period - Travis Zajac wins face-off versus Tim Connolly in neutral zone.
9:00 of 2nd period - Travis Zajac is hit by Marian Gaborik.
9:15 of 2nd period - Off-side.
9:16 of 2nd period - Frans Nielsen wins face-off versus Nik Antropov in neutral zone.
9:28 of 2nd period - Minor Penalty to Darcy Hordichuk for Tripping.
9:29 of 2nd period - Paul Kariya wins face-off versus Tim Connolly in Blues zone.
9:34 of 2nd period - Marian Gaborik is hit by Paul Kariya and loses puck.
11:28 of 2nd period - Penalty to Darcy Hordichuk is over, Darcy Hordichuk is back on ice.
11:28 of 2nd period - Tim Connolly is hit by Nik Antropov and loses puck.
11:45 of 2nd period - Wrist shot by Darcy Hordichuk.
11:45 of 2nd period - Shot Misses the Net.
11:47 of 2nd period - Wrist shot by Darcy Hordichuk.
11:47 of 2nd period - Stopped by Ryan Miller without a rebound.
11:48 of 2nd period - Todd Marchant wins face-off versus Éric Belanger in Coyotes zone.
12:00 of 2nd period - Lukas Krajicek is hit by Dan Boyle and loses puck.
12:22 of 2nd period - Backhand shot by Darcy Hordichuk.
12:22 of 2nd period - Stopped by Ryan Miller without a rebound.
12:23 of 2nd period - Tim Connolly wins face-off versus Travis Zajac in Coyotes zone.
12:36 of 2nd period - Brenden Morrow is hit by Jamie Langenbrunner.
12:50 of 2nd period - Icing by Tim Connolly.
12:51 of 2nd period - Tim Connolly wins face-off versus Nik Antropov in Coyotes zone.
12:51 of 2nd period - Tim Connolly is hit by Mike Komisarek.
13:06 of 2nd period - Snap shot by Frans Nielsen.
13:06 of 2nd period - Deflect By Sergei Samsonov.
13:06 of 2nd period - Shot Blocked by Mike Komisarek.
13:06 of 2nd period - Puck is out of play.
13:07 of 2nd period - Tim Connolly wins face-off versus Travis Zajac in Blues zone.
13:19 of 2nd period - Minor Penalty to Brent Burns for Holding.
13:20 of 2nd period - Brenden Morrow wins face-off versus Paul Kariya in Blues zone.
15:19 of 2nd period - Penalty to Brent Burns is over, Brent Burns is back on ice.
15:29 of 2nd period - Icing by Ryan Malone.
15:30 of 2nd period - Todd Marchant wins face-off versus Matthew Lombardi in Blues zone.
15:37 of 2nd period - Wrist shot by Riley Cote.
15:37 of 2nd period - Goal by Riley Cote - Coyotes : 2 - Blues : 3.
15:38 of 2nd period - Tim Connolly wins face-off versus Travis Zajac in neutral zone.
15:53 of 2nd period - Tom Poti is hit by Bryce Lampman and loses puck.
16:26 of 2nd period - Wrist shot by Tim Connolly.
16:26 of 2nd period - Shot Misses the Net.
16:42 of 2nd period - Wrist shot by Tim Connolly.
16:42 of 2nd period - Shot Misses the Net.
16:44 of 2nd period - Slapshot by Marian Gaborik.
16:44 of 2nd period - Shot Blocked by Blake Wheeler.
16:46 of 2nd period - Wrist shot by Brenden Morrow.
16:46 of 2nd period - Stopped by Tim Thomas with a rebound.
16:48 of 2nd period - Snap shot by Tim Connolly.
16:48 of 2nd period - Stopped by Tim Thomas without a rebound.
16:49 of 2nd period - Frans Nielsen wins face-off versus Travis Zajac in Blues zone.
16:50 of 2nd period - Wrist shot by Sergei Samsonov.
16:50 of 2nd period - Deflect By Frans Nielsen.
16:50 of 2nd period - Stopped by Tim Thomas without a rebound.
16:51 of 2nd period - Travis Zajac wins face-off versus Frans Nielsen in Blues zone.
17:06 of 2nd period - Wrist shot by Sergei Samsonov.
17:06 of 2nd period - Deflect By Bill Guerin.
17:06 of 2nd period - Shot Blocked by Dan Boyle.
17:06 of 2nd period - Puck is out of play.
17:07 of 2nd period - Nik Antropov wins face-off versus Maxim Lapierre in Blues zone.
17:32 of 2nd period - Paul Kariya is hit by Todd Marchant and loses puck.
17:37 of 2nd period - Snap shot by Craig Adams.
17:37 of 2nd period - Shot Misses the Net.
17:39 of 2nd period - Wrist shot by Riley Cote.
17:39 of 2nd period - Shot Misses the Net.
17:41 of 2nd period - Wrist shot by Craig Adams.
17:41 of 2nd period - Stopped by Tim Thomas without a rebound.
17:42 of 2nd period - Tim Connolly wins face-off versus Travis Zajac in Blues zone.
17:46 of 2nd period - Minor Penalty to Tom Poti for High sticking.
17:47 of 2nd period - Marian Gaborik wins face-off versus Nik Antropov in Coyotes zone.
17:47 of 2nd period - Marian Gaborik is hit by Nik Antropov.
17:59 of 2nd period - Kurt Sauer is hit by Paul Kariya and loses puck.
18:20 of 2nd period - Snap shot by Jamie Langenbrunner.
18:20 of 2nd period - Deflect By Ryan Malone.
18:20 of 2nd period - Stopped by Ryan Miller with a rebound.
18:22 of 2nd period - Wrist shot by Travis Zajac.
18:22 of 2nd period - Shot Blocked by Kurt Sauer.
18:24 of 2nd period - Snap shot by Jamie Langenbrunner.
18:24 of 2nd period - Shot Misses the Net.
18:26 of 2nd period - Slapshot by François Beauchemin.
18:26 of 2nd period - Stopped by Ryan Miller without a rebound.
18:27 of 2nd period - Travis Zajac wins face-off versus Marian Gaborik in Coyotes zone.
18:30 of 2nd period - Wrist shot by Ryan Malone.
18:30 of 2nd period - Shot Misses the Net.
18:32 of 2nd period - Wrist shot by Jamie Langenbrunner.
18:32 of 2nd period - Stopped by Ryan Miller with a rebound.
18:34 of 2nd period - Slapshot by Dan Boyle.
18:34 of 2nd period - Shot Blocked by Mike Mottau.
18:36 of 2nd period - Snap shot by Jamie Langenbrunner.
18:36 of 2nd period - Shot Blocked by Mike Mottau.
19:46 of 2nd period - Penalty to Tom Poti is over, Tom Poti is back on ice.
3rd period
0:01 of 3rd period - Travis Zajac wins face-off versus Tim Connolly in neutral zone.
0:26 of 3rd period - Nik Antropov is hit by Bill Guerin and loses puck.
0:41 of 3rd period - Kurt Sauer is hit by Darcy Hordichuk and loses puck.
0:57 of 3rd period - Minor Penalty to Matthew Lombardi for Holding.
0:58 of 3rd period - Tim Connolly wins face-off versus Paul Kariya in Blues zone.
1:05 of 3rd period - Snap shot by Tim Connolly.
1:05 of 3rd period - Stopped by Tim Thomas without a rebound.
1:06 of 3rd period - Paul Kariya wins face-off versus Tim Connolly in Blues zone.
1:54 of 3rd period - Wrist shot by Marian Gaborik.
1:54 of 3rd period - Shot Blocked by Bryce Lampman.
1:56 of 3rd period - Slapshot by Denis Grebeshkov.
1:56 of 3rd period - Stopped by Tim Thomas with a rebound.
1:58 of 3rd period - Wrist shot by Marian Gaborik.
1:58 of 3rd period - Stopped by Tim Thomas with a rebound.
2:00 of 3rd period - Wrist shot by Marian Gaborik.
2:00 of 3rd period - Goal by Marian Gaborik - Coyotes : 3 - Blues : 3.
2:01 of 3rd period - Frans Nielsen wins face-off versus Travis Zajac in neutral zone.
2:28 of 3rd period - Kurt Sauer is hit by Darcy Hordichuk and loses puck.
3:16 of 3rd period - Minor Penalty to Tim Connolly for Hooking.
3:17 of 3rd period - Travis Zajac wins face-off versus Marian Gaborik in Coyotes zone.
3:22 of 3rd period - Snap shot by Jamie Langenbrunner.
3:22 of 3rd period - Shot Misses the Net.
4:43 of 3rd period - Éric Belanger is hit by Frans Nielsen and loses puck.
4:53 of 3rd period - Icing by Travis Zajac.
4:54 of 3rd period - Marian Gaborik wins face-off versus Travis Zajac in Blues zone.
5:15 of 3rd period - Slapshot by Denis Grebeshkov.
5:15 of 3rd period - Shot Blocked by Maxim Afinogenov.
5:16 of 3rd period - Penalty to Tim Connolly is over, Tim Connolly is back on ice.
5:17 of 3rd period - Snap shot by Bill Guerin.
5:17 of 3rd period - Shot Blocked by Dan Boyle.
5:19 of 3rd period - Snap shot by Bill Guerin.
5:19 of 3rd period - Stopped by Tim Thomas with a rebound.
5:39 of 3rd period - Wrist shot by Craig Adams.
5:39 of 3rd period - Shot Blocked by Paul Kariya.
5:41 of 3rd period - Backhand shot by Denis Grebeshkov.
5:41 of 3rd period - Stopped by Tim Thomas without a rebound.
5:42 of 3rd period - Matthew Lombardi wins face-off versus Maxim Lapierre in Blues zone.
5:47 of 3rd period - Wrist shot by Drew Miller.
5:47 of 3rd period - Stopped by Tim Thomas with a rebound.
5:49 of 3rd period - Wrist shot by Chad Larose.
5:49 of 3rd period - Deflect By Drew Miller.
5:49 of 3rd period - Shot Misses the Net.
5:49 of 3rd period - Puck is out of play.
5:50 of 3rd period - Matthew Lombardi wins face-off versus Maxim Lapierre in Blues zone.
5:59 of 3rd period - Snap shot by Drew Miller.
5:59 of 3rd period - Stopped by Tim Thomas without a rebound.
6:00 of 3rd period - Travis Zajac wins face-off versus Tim Connolly in Blues zone.
6:11 of 3rd period - Slapshot by Paul Kariya.
6:11 of 3rd period - Shot Blocked by Kurt Sauer.
6:25 of 3rd period - Maxim Afinogenov is hit by Frans Nielsen.
6:28 of 3rd period - Off-side.
6:29 of 3rd period - Nik Antropov wins face-off versus Frans Nielsen in neutral zone.
6:42 of 3rd period - Wrist shot by Bill Guerin.
6:42 of 3rd period - Stopped by Tim Thomas without a rebound.
6:43 of 3rd period - Tim Connolly wins face-off versus Travis Zajac in Blues zone.
7:19 of 3rd period - Slapshot by Mike Komisarek.
7:19 of 3rd period - Deflect By Sergei Samsonov.
7:19 of 3rd period - Stopped by Ryan Miller with a rebound.
7:21 of 3rd period - Slapshot by Nik Antropov.
7:21 of 3rd period - Stopped by Ryan Miller without a rebound.
7:22 of 3rd period - Frans Nielsen wins face-off versus Matthew Lombardi in Coyotes zone.
7:28 of 3rd period - Minor Penalty to Frans Nielsen for Holding Stick.
7:29 of 3rd period - Marian Gaborik wins face-off versus Nik Antropov in Coyotes zone.
7:42 of 3rd period - Wrist shot by Nik Antropov.
7:42 of 3rd period - Shot Blocked by Kurt Sauer.
8:04 of 3rd period - Snap shot by Ryan Malone.
8:04 of 3rd period - Deflect By Brenden Morrow.
8:04 of 3rd period - Goal by Ryan Malone - Coyotes : 3 - Blues : 4.
8:05 of 3rd period - Sergei Samsonov wins face-off versus Travis Zajac in neutral zone.
8:21 of 3rd period - Wrist shot by Sergei Samsonov.
8:21 of 3rd period - Stopped by Tim Thomas without a rebound.
8:22 of 3rd period - Tim Connolly wins face-off versus Nik Antropov in Blues zone.
8:29 of 3rd period - Snap shot by Marian Gaborik.
8:29 of 3rd period - Stopped by Tim Thomas with a rebound.
8:31 of 3rd period - Slapshot by Kurt Sauer.
8:31 of 3rd period - Stopped by Tim Thomas without a rebound.
8:32 of 3rd period - Nik Antropov wins face-off versus Tim Connolly in Blues zone.
8:53 of 3rd period - Brenden Morrow is hit by Maxim Afinogenov and loses puck.
9:39 of 3rd period - Wrist shot by Tim Connolly.
9:39 of 3rd period - Stopped by Tim Thomas without a rebound.
9:40 of 3rd period - Jamie Langenbrunner wins face-off versus Frans Nielsen in Blues zone.
10:25 of 3rd period - Wrist shot by Travis Zajac.
10:25 of 3rd period - Stopped by Ryan Miller with a rebound.
10:27 of 3rd period - Slapshot by Dan Boyle.
10:27 of 3rd period - Stopped by Ryan Miller with a rebound.
10:29 of 3rd period - Slapshot by Dan Boyle.
10:29 of 3rd period - Shot Blocked by Riley Cote.
10:31 of 3rd period - Snap shot by Jamie Langenbrunner.
10:31 of 3rd period - Goal by Jamie Langenbrunner - Coyotes : 3 - Blues : 5.
10:32 of 3rd period - Frans Nielsen wins face-off versus Matthew Lombardi in neutral zone.
11:08 of 3rd period - Wrist shot by Marian Gaborik.
11:08 of 3rd period - Shot Misses the Net.
11:10 of 3rd period - Snap shot by Tom Poti.
11:10 of 3rd period - Stopped by Tim Thomas without a rebound.
11:11 of 3rd period - Tim Connolly wins face-off versus Jamie Langenbrunner in Blues zone.
11:57 of 3rd period - Snap shot by Dan Boyle.
11:57 of 3rd period - Stopped by Ryan Miller without a rebound.
11:58 of 3rd period - Maxim Lapierre wins face-off versus Matthew Lombardi in Coyotes zone.
12:34 of 3rd period - Wrist shot by Drew Miller.
12:34 of 3rd period - Shot Misses the Net.
12:48 of 3rd period - Slapshot by Denis Grebeshkov.
12:48 of 3rd period - Stopped by Tim Thomas without a rebound.
12:49 of 3rd period - Travis Zajac wins face-off versus Tim Connolly in Blues zone.
12:49 of 3rd period - Travis Zajac is hit by Marian Gaborik.
12:57 of 3rd period - Slapshot by Marian Gaborik.
12:57 of 3rd period - Shot Blocked by Dan Boyle.
12:59 of 3rd period - Slapshot by Marian Gaborik.
12:59 of 3rd period - Shot Misses the Net.
13:01 of 3rd period - Wrist shot by Brenden Morrow.
13:01 of 3rd period - Shot Blocked by Jamie Langenbrunner.
13:20 of 3rd period - Slapshot by Mike Mottau.
13:20 of 3rd period - Stopped by Tim Thomas without a rebound.
13:21 of 3rd period - Frans Nielsen wins face-off versus Nik Antropov in Blues zone.
13:30 of 3rd period - Slapshot by Sergei Samsonov.
13:30 of 3rd period - Shot Blocked by Mike Komisarek.
13:35 of 3rd period - Brent Burns is hit by Denis Grebeshkov and loses puck.
13:37 of 3rd period - Minor Penalty to Brent Burns for Holding.
13:38 of 3rd period - Marian Gaborik wins face-off versus Paul Kariya in Blues zone.
14:12 of 3rd period - Mike Komisarek is hit by Bill Guerin and loses puck.
15:37 of 3rd period - Penalty to Brent Burns is over, Brent Burns is back on ice.
16:38 of 3rd period - Lukas Krajicek is hit by Ryan Malone.
16:42 of 3rd period - Frans Nielsen is hit by Mike Komisarek.
17:36 of 3rd period - François Beauchemin is hit by Tom Poti and loses puck.
17:48 of 3rd period - Icing by François Beauchemin.
17:49 of 3rd period - Nik Antropov wins face-off versus Frans Nielsen in Blues zone.
18:00 of 3rd period - Ryan Malone is hit by Denis Grebeshkov.
18:05 of 3rd period - Off-side.
18:06 of 3rd period - Éric Belanger wins face-off versus Todd Marchant in neutral zone.
18:15 of 3rd period - Vaclav Varada is hit by Riley Cote and loses puck.
18:27 of 3rd period - Minor Penalty to Ville Peltonen for Holding Stick.
18:27 of 3rd period - Minor Penalty to Lukas Krajicek for Hooking.
18:28 of 3rd period - Marian Gaborik wins face-off versus Paul Kariya in Blues zone.
18:29 of 3rd period - Wrist shot by Brenden Morrow.
18:29 of 3rd period - Stopped by Tim Thomas without a rebound.
18:30 of 3rd period - Marian Gaborik wins face-off versus Paul Kariya in Blues zone.
19:44 of 3rd period - Snap shot by Chad Larose.
19:44 of 3rd period - Stopped by Tim Thomas with a rebound.
19:46 of 3rd period - Slapshot by Kurt Sauer.
19:46 of 3rd period - Stopped by Tim Thomas without a rebound.
19:47 of 3rd period - Éric Belanger wins face-off versus Drew Miller in Blues zone.
19:56 of 3rd period - Wrist shot by Éric Belanger.
19:56 of 3rd period - Shot Blocked by Drew Miller.
19:58 of 3rd period - Slapshot by Bryce Lampman.
19:58 of 3rd period - Deflect By Blake Wheeler.
19:58 of 3rd period - Stopped by Ryan Miller with a rebound.
Output by the SimonT Hockey Simulator (STHS) for François Prévost -- Original Page W3C XHTML 1.0 Valid